 Dungeon Crawl Stone Soup version 0.29-a0-972-g43c84944fd (webtiles) character file.

Game seed: 11535838326819409007

22 Ajdolov the Chopper (level 2, 0/26 HPs)
             Began as a Hill Orc Monk on July 31, 2022.
             Slain by a kobold
             ... wielding a +0 short sword
              (2 damage)
             ... on level 1 of the Dungeon.
             The game lasted 00:01:00 (776 turns).

Ajdolov the Chopper (Hill Orc Monk)                  Turns: 776, Time: 00:01:01

Health: 0/26       AC:  2    Str: 13    XL:     2   Next: 91%
Magic:  2/2        EV: 12    Int: 10    God:
Gold:   29         SH:  0    Dex: 13    Spells: 1/1 levels left

rFire   . . .      SeeInvis .   a - +0 hand axe
rCold   . . .      Faith    .   (no shield)
rNeg    . . .      Spirit   .   b - +0 robe
rPois   .          Reflect  .   (no helmet)
rElec   .          Harm     .   (no cloak)
rCorr   .          Rampage  .   (no gloves)
Will    .....                   (no boots)
Stlth   ++........              (no amulet)
HPRegen 0.08/turn               (no ring)
MPRegen 0.08/turn               (no ring)

@: no status effects
A: no striking features
a: no special abilities


You were on level 1 of the Dungeon.
You visited 1 branch of the dungeon, and saw 1 of its levels.

You collected 29 gold pieces.

Inventory:

Hand Weapons
 a - a +0 hand axe (weapon)
Armour
 b - a +0 robe (worn)
Scrolls
 c - a scroll of identify {unknown}
 d - a scroll of fog {unknown}
 e - a scroll of enchant weapon {unknown}
 f - a scroll of immolation {unknown}
 g - a scroll of silence {unknown}
 h - a scroll of summoning {unknown}
Potions
 i - a potion of ambrosia
 j - a potion of heal wounds {unknown}


   Skills:
 - Level 3.6 Fighting
 * Level 5.4 Axes
 - Level 2.4 Dodging
 - Level 1.5 Stealth


You had one spell level left.
You didn't know any spells.
Your spell library was empty.

Dungeon Overview and Level Annotations

Branches:
Dungeon (1/15)

Altars:


Message History

You hit the kobold but do no damage. The kobold barely misses you.
You barely miss the kobold. The kobold hits you with a +0 dagger.
You closely miss the kobold. You hit the kobold but do no damage.
A ball python comes into view.
The kobold closely misses you. The kobold misses you.
The ball python hisses angrily.
You hit the kobold.
The kobold is heavily wounded.
You closely miss the kobold.
A hobgoblin comes into view. It is wielding a +0 flail.
The kobold hits you but does no damage.
The kobold hits you with a +0 short sword.
The kobold drinks a potion.
The kobold is healed!
The kobold attacks as you move away!
The kobold hits you with a +0 short sword.
The kobold throws a boomerang.
The boomerang hits you.
The hobgoblin throws an atropa-tipped dart.
The atropa-tipped dart barely misses you.
The kobold throws a stone.
The stone hits you.
The kobold throws a stone.
The stone closely misses you.
The kobold throws a boomerang.
The boomerang hits you.
The kobold throws a stone.
The stone misses you.
The kobold throws a boomerang.
The boomerang hits you but does no damage.
The kobold throws a boomerang.
The boomerang hits you.
* * * LOW HITPOINT WARNING * * *
The kobold throws a stone.
The stone barely misses you.
The hobgoblin shouts!
You hit the kobold.
The kobold is heavily wounded.
The kobold hits you with a +0 dagger.
* * * LOW HITPOINT WARNING * * *
You hit the kobold.
You kill the kobold!
The hobgoblin throws an atropa-tipped dart.
The atropa-tipped dart closely misses you.
You hit the kobold.
The kobold is moderately wounded.
The kobold hits you with a +0 short sword.
You die...

.# #.# #.##.?###....#. .## #.#
#.. ..g...##... ..###.#
#.###..##..##.. ...>#.#
#.##..##.8..#.# ....#.#######
#.##..#....8... ....#.#.....#
#.......8....#. ....#.#.....#
#......#..8.##.
##..........######gS.##.##..##..
####...........@Kg#.##..##.....
###.....######...###....###.
#..........).....######
#######รท###########....###
.........................#
###################...#### #...#
#####


You could see 2 hobgoblins, a ball python and a kobold.

Vanquished Creatures
  4 bats (D:1)
  2 endoplasms (D:1)
  A giant cockroach (D:1)
  2 hobgoblins (D:1)
  A jackal (D:1)
  A quokka (D:1)
  A ball python (D:1)
  3 frilled lizards (D:1)
  A goblin (D:1)
  4 kobolds (D:1)
  A rat (D:1)
21 creatures vanquished.

Notes
Turn   | Place    | Note
-------+----------+-------------------------------------------
     0 | D:1      | Ajdolov the Hill Orc Monk began the quest for the Orb.
     0 | D:1      | Reached XP level 1. HP: 19/19 MP: 1/1
   147 | D:1      | Reached XP level 2. HP: 6/26 MP: 2/2
   454 | D:1      | Reached skill level 5 in Axes
   776 | D:1      | Slain by a kobold

Illustrated notes

Levels and vault maps discovered:
D:1:      minmay_arrival_hallway, layout_rooms, minmay_pentomino_w4

Skill      XL: |  1  2 |
---------------+-------+-----
Axes           | 5 |  5.4
Fighting       | |  3.6
Dodging        | |  2.4
Stealth        | |  1.5

Action                   || total
-------------------------++-------
Melee: Hand axe          ||    67
  Use: Potion            ||     1
 Stab: Sleeping          ||     3
Armor: Robe              ||    11
Dodge: Dodged            ||    52

Table legend: (Time is in decaauts)
 A = Elapsed time spent in this place.
 B = Non-inter-level travel time spent in this place.
 C = Inter-level travel time spent in this place.
 D = Time resting spent in this place.
 E = Time spent auto-exploring this place.
 F = Levels seen in this place.
 G = Mean time per level.
                   A        B        C        D        E       F      G
               +--------+--------+--------+--------+--------+-----+--------+
         Total |    780 |    780 |      0 |    148 |    433 |   1 |  780.0 |
       Dungeon |    780 |    780 |      0 |    148 |    433 |   1 |  780.0 |
               +--------+--------+--------+--------+--------+-----+--------+

Top non-repeatable levels by time:
     D:1: 780 daAuts
